 Dungeon Crawl Stone Soup version 0.21.1-1-g345015f (webtiles) character file.

18804 Monsterracer the Tainter (level 12, -14/109 HPs)
             Began as a Naga Venom Mage on June 8, 2018.
             Demolished by a frost giant
             ... wielding a +2 battleaxe of freezing
              (32 damage)
             ... in an ice cave.
             The game lasted 00:40:08 (14658 turns).

Monsterracer the Tainter (Naga Venom Mage)         Turns: 14658, Time: 00:40:08

Health: -14/109    AC: 13    Str: 11    XL:     12   Next: 62%
Magic:  20/22      EV: 12    Int: 21    God:    Xom [...*..]
Gold:   303        SH:  4    Dex: 12    Spells: 8/25 levels left

rFire    . . .     SeeInvis +   a - +2 broad axe (elec)
rCold    + . .     Gourm    .   (no shield)
rNeg     . . .     Faith    .   J - +2 robe {rC+}
rPois    +         Spirit   .   L - +2 helmet {SInv}
rElec    .         Reflect  .   (no cloak)
rCorr    .         Harm     .   A - +2 pair of gloves
MR       ++...                  (no barding)
Stlth    +++++.....             (no amulet)
HPRegen  0.28/turn              o - ring of protection from magic {!d}
MPRegen  0.18/turn              m - +3 ring of intelligence

@: very slow
A: large, stinger 1, repulsion field 1, large bone plates 1, camouflage 1, see
invisible, deformed body, dopey 1, poison resistance, slowness 2, slow
metabolism 1, spit poison 1, wild magic 1, AC +4
a: Spit Poison, Renounce Religion


You were in an ice cave.
You worshipped Xom.
You were a favourite toy of Xom.
You were not hungry.

You visited 3 branches of the dungeon, and saw 14 of its levels.
You also visited: Ice Cave.

You collected 655 gold pieces.
You spent 352 gold pieces at shops.

Inventory:

Hand Weapons
 a - a +2 broad axe of electrocution (weapon)
 b - a +4 trident
Armour
 e - a +2 ring mail of fire resistance
 g - a +0 crystal plate armour (quivered) {GODDAMNIT YOU GODDAMN D1 COPA}
 q - a +2 ring mail of magic resistance
 A - a +2 pair of gloves (worn)
 H - a +2 shield
 J - a +2 robe of cold resistance (worn)
 L - a +2 helmet of see invisible (worn)
 O - the +2 leather armour "Rufotryn" {rElec rF+++ rN+ Dex-5, unknown}
   (You found it on level 11 of the Dungeon)

   It affects your dexterity (-5).
   It renders you almost immune to fire.
   It insulates you from electricity.
   It protects you from negative energy.
Jewellery
 d - an uncursed ring of flight
 m - a +3 ring of intelligence (right hand)
 o - a ring of protection from magic (left hand) {!d}
 z - an uncursed ring of ice
 I - an uncursed ring of resist corrosion
Wands
 p - a wand of iceblast (9)
 s - a wand of flame (29)
 x - a wand of digging (28)
 y - a wand of enslavement (17)
 B - a wand of paralysis (14)
 E - a wand of clouds (8)
 G - a wand of acid (7)
Scrolls
 i - 2 scrolls of magic mapping {!r}
 u - 3 scrolls of teleportation
 D - 2 scrolls of amnesia
 K - 2 scrolls of fear {!r}
 N - a scroll of blinking
Potions
 f - 3 potions of magic
 h - 2 potions of agility
 j - 2 potions of flight
 k - a potion of cancellation
 l - 5 potions of brilliance
 n - a potion of resistance {unknown}
 r - 2 potions of curing
 t - 7 potions of heal wounds
 v - 2 potions of haste
 C - 2 potions of might
 F - 2 potions of mutation {unknown}
 M - a potion of ambrosia {!q}
Books
 w - a book of Power

   Spells                             Type                      Level
   a - Iskenderun's Battlesphere      Conjuration/Charms           5
   b - Venom Bolt                     Conjuration/Poison           5
   c - Bolt of Magma                  Conjuration/Fire/Earth       5
   d - Iron Shot                      Conjuration/Earth            6
   e - Orb of Destruction             Conjuration                  7
   f - Spellforged Servitor           Conjuration/Summoning        7
Comestibles
 c - 35 rations


   Skills:
 + Level 7.4 Fighting
 + Level 9.8(10.3) Axes
 - Level 5.0(8.0) Polearms
 - Level 1.5 Dodging
 - Level 9.5 Stealth
 - Level 7.3 Spellcasting
 - Level 5.0 Conjurations
 - Level 5.8 Necromancy
 - Level 5.5 Earth Magic
 - Level 10.0 Poison Magic
 - Level 3.1 Evocations


You had 8 spell levels left.
You knew the following spells:

 Your Spells              Type           Power        Failure   Level  Hunger
a - Poisonous Vapours     Pois/Air       #####.       3%          2    None
b - Borgnjor's Vile Clut  Necr/Erth      #####.....   30%         5    #####..
c - Mephitic Cloud        Conj/Pois/Air  #####...     5%          3    None
d - Olgreb's Toxic Radia  Pois           ######..     2%          4    ###....
j - Regeneration          Chrm/Necr      ####......   12%         3    None


Dungeon Overview and Level Annotations

Branches:
Dungeon (11/15)            Temple (1/1) D:4            Lair (2/6) D:9
  Swamp: Lair:2-4    Shoals: Lair:2-4     Snake: Lair:2-4    Spider: Lair:2-4
    Orc: D:9-12

Altars:
Ashenzari
Cheibriados
Dithmenos
Elyvilon
Fedhas
Gozag
Hepliaklqana
Kikubaaqudgha
Makhleb
Nemelex Xobeh
Okawaru
Qazlal
Ru
Sif Muna
Trog
Uskayaw
Vehumet
Wu Jian
Xom
Yredelemnul
Zin
The Shining One

Shops:
D:8 !   D:9 %

Annotations:
D:9 exclusion: ugly thing
Lair:1 exclusion: oklob plant, zuik's ghost, journeyman DrGl IceCv exclusion: ice statue


Innate Abilities, Weirdness & Mutations

You cannot wear boots.
Your serpentine skin is tough. (AC +4)
You have supernaturally acute eyesight. (SInv)
Armour fits poorly on your strangely shaped body.
Your system is resistant to poisons. (rPois)
You cover ground very slowly.
You have a slow metabolism.
You can spit poison.
Your tail ends in a poisonous barb.
You are surrounded by a mild repulsion field. (EV +2)
You are partially covered in large bone plates. (SH +4)
Your skin changes colour to match your surroundings (Stealth+).
You are dopey. (Int -2)
Your spells are a little harder to cast, but a little more powerful.


Message History

Your crimson imp hits the polar bear.
The polar bear closely misses your crimson imp.
The polar bear claws your crimson imp. The polar bear misses your crimson imp.
Your crimson imp hits the polar bear.
The polar bear bites your crimson imp but does no damage.
The polar bear barely misses your crimson imp.
The polar bear misses your crimson imp.
Your crimson imp completely misses the polar bear.
The polar bear bites your crimson imp!
Your crimson imp dies!
The polar bear bites you but does no damage.
The polar bear barely misses you. The polar bear closely misses you.
You closely miss the polar bear.
The polar bear is lightly wounded.
You block the polar bear's attack.
The polar bear claws you but does no damage.
The polar bear closely misses you.
Okay, then.
Evoke which item? (* to show all) (? for menu, Esc to quit)
Aiming: Corrosive Bolt
Press: ? - help, Shift-Dir - straight line, f - polar bear
Aim: a polar bear (lightly wounded)
The bolt of acid hits the polar bear.
The polar bear is splashed with acid.
The acid corrodes the polar bear!
The polar bear is moderately wounded.
The bolt of acid hits the frost giant.
The frost giant is splashed with acid.
The acid corrodes the frost giant!
The frost giant is lightly wounded.
The frost giant casts a spell at you.
The bolt of cold hits the polar bear.
The polar bear resists.
The bolt of cold hits you! You resist.
The polar bear goes berserk!
Xom thinks this is hilarious!
You take 22 damage, and have 87/109 hp.
MASSIVE DAMAGE!!
You slash the polar bear!
The polar bear is almost dead.
The polar bear bites you but does no damage.
The polar bear closely misses you. The polar bear barely misses you.
Press: ? - help, v - describe, . - travel
Here: a frost giant, wielding a battleaxe of freezing (lightly wounded, covered in acid)
The floor, spattered with blood.
Casting: Regeneration
Confirm with . or Enter, or press ? or * to list all spells.
Aiming: Mephitic Cloud
Press: ? - help, Shift-Dir - straight line, f/p - polar bear
Aim: a polar bear (almost dead, berserk, fast, unusually strong, covered in acid)
The ball explodes into a vile cloud!
The stinking cloud engulfs the frost giant.
The frost giant is lightly wounded.
The stinking cloud engulfs the polar bear.
The polar bear is almost dead.
The stinking cloud engulfs you!
The polar bear is engulfed in noxious fumes.
The polar bear appears confused.
You now have 19/22 mp.
You barely miss the frost giant.
The frost giant is lightly wounded.
The frost giant is engulfed in noxious fumes.
The frost giant hits you with a battleaxe of freezing!!
A shower of butterflies erupts from you!
The frost giant freezes you!
* * * LOW HITPOINT WARNING * * *
You take 38 damage, and have 50/109 hp.
MASSIVE DAMAGE!!
You slash the frost giant!
The frost giant is moderately wounded.
Your butterfly is engulfed in noxious fumes.
Your butterfly appears confused.
You kill your butterfly!
The frost giant is engulfed in noxious fumes.
The frost giant appears confused.
The frost giant ponders the situation.
The frost giant closely misses you.
The frost giant hits something with a battleaxe of freezing!!
The frost giant freezes something.
You hit the frost giant.
Lightning courses through the frost giant!
The frost giant is heavily wounded.
The frost giant is engulfed in noxious fumes.
You hear a bellow!
You slash the frost giant!
The frost giant is heavily wounded.
You hear an angry growl.
The frost giant hits you with a battleaxe of freezing!
* * * LOW HITPOINT WARNING * * *
The frost giant freezes you.
* * * LOW HITPOINT WARNING * * *
You take 21 damage, and have 30/109 hp.
You slash the frost giant!
Lightning courses through the frost giant!
You tail-slap the frost giant.
The frost giant is almost dead.
The frost giant seems less confused.
The frost giant points at you and mumbles some strange words.
The bolt of cold hits you! You resist.
* * * LOW HITPOINT WARNING * * *
You take 12 damage, and have 18/109 hp.
You hit the frost giant.
The frost giant is almost dead.
The frost giant hits you with a battleaxe of freezing!!
You die...
Xom snickers!

# #### ##.#.. #≈ #.#.#. #≈
##..#.. #≈≈ ### ##.#..#.
#≈≈≈ ##.### ########...##..
#≈≈≈#.#.b####....#..#.##.#.
#≈≈C.†#.b.#..#.#..#.###..#
#≈≈≈≈###C#..###..#### ####
#h#≈≈# ##@.## #### .h##≈≈≈
#### .... #≈≈≈ ##. #≈≈##
#≈≈# #≈≈#


You could see a frost giant.

Vanquished Creatures
  A hydra (Lair:2)
  Erica (D:9)
  2 two-headed ogres
  The ghost of diana the Fighter, a novice MiFi (D:8)
  2 unseen horrors (D:10)
  3 elephants (Lair:2)
  A spiny frog (Lair:2)
  Psyche (D:11)
  A troll (D:11)
  6 polar bears (IceCv)
  A hippogriff (D:7)
  A hornet (D:11)
  Sigmund (D:5)
  A tarantella (Lair:2)
  A wyvern (D:11)
  15 yaks
  A human (D:7)
  2 basilisks
  4 hogs (D:7)
  3 water moccasins
  A soldier ant (D:10)
  Duvessa (D:5)
  A porcupine (Lair:1)
  2 hell hounds (D:9)
  4 orc warriors
  An eye of draining (D:8)
  11 ice beasts
  2 sky beasts
  2 phantoms (D:8)
  A necrophage (D:11)
  3 ogres
  The ghost of diana the Slasher, an amateur DsGl (D:3)
  7 centaurs
  6 wolves (IceCv)
  4 crocodiles
  8 bullfrogs
  Dowan (D:5)
  A gnoll sergeant (D:9)
  2 scorpions
  9 killer bees (D:8)
  3 spriggan skeletons (D:10)
  5 crimson imps
  A quasit (D:11)
  4 hounds
  11 orc wizards
  2 bullfrog zombies
  A bullfrog skeleton (D:4)
  5 orc priests
  3 centaur skeletons
  4 jellies
  Terence (D:2)
  4 iguanas
  3 worker ants (D:4)
  A hound zombie (D:6)
  2 hound skeletons
  4 gnolls (D:9)
  20 adders
  2 shadow imps
  An adder zombie (D:9)
  An adder skeleton (D:8)
  A dart slug (D:2)
  4 worms
  3 leopard geckos
  46 orcs
  4 ball pythons
  5 giant cockroaches
  7 goblins
  8 hobgoblins
  9 jackals
  4 kobolds
  4 quokkas
  6 bats
  4 frilled lizards
  2 quokka zombies (D:7)
  8 rats
310 creatures vanquished.

Vanquished Creatures (collateral kills)
  Grinder (D:5)
  A wyvern (D:10)
  A hungry ghost (D:10)
  An ice beast (D:10)
  A phantom (D:10)
  A necrophage (D:10)
  A wolf (IceCv)
7 creatures vanquished.

Grand Total: 317 creatures vanquished

Notes
Turn   | Place    | Note
-------+----------+-------------------------------------------
     0 | D:1      | Monsterracer the Naga Venom Mage began the quest for the Orb.
     0 | D:1      | Reached XP level 1. HP: 15/15 MP: 3/3
   330 | D:1      | Reached XP level 2. HP: 22/22 MP: 5/5
   378 | D:1      | HP: 9/22 [kobold (3)]
   543 | D:1      | Learned a level 2 spell: Poisonous Vapours
   870 | D:1      | Reached XP level 3. HP: 28/28 MP: 1/6
   875 | D:1      | Learned a level 3 spell: Mephitic Cloud
  1507 | D:2      | Reached skill level 5 in Poison Magic
  1508 | D:2      | Noticed Terence
  1522 | D:2      | HP: 11/28 [Terence/mace (4)]
  1525 | D:2      | HP: 1/28 [Terence/mace (10)]
  1526 | D:2      | Killed Terence
  1526 | D:2      | Reached XP level 4. HP: 2/36 MP: 0/7
  2076 | D:2      | Found a shattered altar of Ashenzari.
  2326 | D:3      | Noticed diana's ghost (amateur DsGl)
  2602 | D:4      | Reached XP level 5. HP: 41/42 MP: 7/9
  2616 | D:4      | HP: 17/42 [orc/war axe (8)]
  2618 | D:4      | HP: 8/42 [orc/war axe (10)]
  3021 | D:3      | HP: 19/42 [orc/flail (5)]
  3027 | D:3      | HP: 17/42 [adder (3)]
  3082 | D:3      | Reached skill level 6 in Poison Magic
  3303 | D:3      | HP: 20/42 [diana's ghost (4)]
  3571 | D:4      | Found a staircase to the Ecumenical Temple.
  3580 | Temple   | Entered the Ecumenical Temple
  3660 | Temple   | Became a worshipper of Xom of Chaos
  3832 | D:4      | XOM: potion effect (agility)
  3841 | D:4      | Reached skill level 1 in Polearms
  3841 | D:4      | Reached XP level 6. HP: 36/49 MP: 5/10
  3847 | D:4      | Learned a level 4 spell: Olgreb's Toxic Radiance
  3927 | D:4      | XOM: harmless Chrm miscast
  3956 | D:4      | XOM: harmless Air miscast
  4192 | D:4      | XOM: harmless Air miscast
  4316 | D:4      | XOM: silly message
  4477 | D:4      | XOM: harmless Chrm miscast
  4726 | D:5      | Entered Level 5 of the Dungeon
  4754 | D:5      | Noticed Grinder
  4794 | D:5      | Reached XP level 7. HP: 51/55 MP: 11/11
  4916 | D:5      | Reached skill level 7 in Poison Magic
  4982 | D:5      | XOM: stat loss: -1 Str (9/10)
  5011 | D:5      | XOM: enchant monster (bad)
  5153 | D:5      | XOM is BORED!
  5223 | D:5      | XOM: cleaving
  5225 | D:5      | Reached skill level 1 in Fighting
  5259 | D:5      | Noticed Sigmund
  5267 | D:5      | Killed Sigmund
  5267 | D:5      | Reached skill level 5 in Stealth
  5338 | D:5      | XOM: repel stairs
  5342 | D:5      | Reached XP level 8. HP: 64/64 MP: 13/13
  5382 | D:5      | Noticed Duvessa
  5383 | D:5      | Noticed Dowan
  5383 | D:5      | XOM: swap monsters
  5391 | D:5      | XOM: harmless Hex miscast
  5393 | D:5      | Killed Duvessa
  5399 | D:5      | Killed Dowan
  5457 | D:5      | XOM: medium Tmut miscast
  5650 | D:5      | Learned a level 5 spell: Borgnjor's Vile Clutch
  5663 | D:5      | Reached skill level 8 in Poison Magic
  5711 | D:5      | XOM: stat loss: -1 Str (9/10)
  5802 | D:6      | XOM: give mutations
  5802 | D:6      | Gained mutation: You do not regenerate when monsters are visible. [Xom's mischief]
  5802 | D:6      | Lost mutation: You do not regenerate when monsters are visible. [Xom's mischief]
  5802 | D:6      | Gained mutation: You are dopey. (Int -2) [Xom's mischief]
  5802 | D:6      | Gained mutation: You are robust. (+10% HP) [Xom's mischief]
  6326 | D:6      | XOM: harmless Tloc miscast
  6440 | D:6      | XOM: blink monster(s)
  6440 | D:6      | HP: 33/74 [centaur/arrow (6)]
  6531 | D:6      | XOM: harmless Erth miscast
  6678 | D:6      | XOM: silly message
  6818 | D:7      | Reached skill level 9 in Poison Magic
  6818 | D:7      | Reached XP level 9. HP: 55/81 MP: 15/15
  6936 | D:7      | XOM: noise
  6940 | D:7      | XOM: enchant monster (good)
  6960 | D:7      | Reached skill level 5 in Polearms
  6960 | D:7      | Reached skill level 5 in Conjurations
  7016 | D:7      | XOM: divination: detect creatures
  7135 | D:7      | Reached skill level 1 in Axes
  7181 | D:7      | XOM: harmless Ice miscast
  7182 | D:7      | XOM: potion effect (brilliance)
  7192 | D:7      | Reached skill level 10 in Poison Magic
  7195 | D:7      | HP: 41/85 [hog (5)]
  7197 | D:7      | Reached skill level 5 in Spellcasting
  7497 | D:7      | XOM: polymorph adder -> bat
  7563 | D:7      | Reached skill level 1 in Necromancy
  7583 | D:7      | Reached skill level 1 in Earth Magic
  7702 | D:7      | XOM: harmless Erth miscast
  7898 | D:7      | Learned a level 3 spell: Regeneration
  8183 | D:3      | XOM: harmless Hex miscast
  8264 | D:3      | XOM: silly message
  8277 | D:3      | XOM: fog
  8289 | D:3      | Killed diana's ghost
  8435 | D:5      | XOM: give mutations
  8435 | D:5      | Lost mutation: You are robust. (+10% HP) [Xom's mischief]
  8435 | D:5      | Gained mutation: You are frail. (-10% HP) [Xom's mischief]
  8435 | D:5      | Gained mutation: You are very dopey. (Int -4) [Xom's mischief]
  8464 | D:5      | XOM: summons 9 friendly demons
  8469 | D:5      | Killed Grinder
  8469 | D:5      | Reached XP level 10. HP: 76/78 MP: 16/18
  8639 | D:8      | HP: 39/78 [poisoned by a killer bee]
  8640 | D:8      | XOM: give mutations
  8640 | D:8      | Gained mutation: Your tail ends in a poisonous barb. [Xom's grace]
  8640 | D:8      | Gained mutation: Your muscles are strong. (Str +2) [Xom's grace]
  8640 | D:8      | Gained mutation: You are surrounded by a mild repulsion field. (EV +2) [Xom's grace]
  8640 | D:8      | Gained mutation: Your skin changes colour to match your surroundings (Stealth+). [Xom's grace]
  8644 | D:8      | HP: 36/78 [poisoned by a killer bee]
  8649 | D:8      | HP: 34/78 [poisoned by a killer bee]
  8654 | D:8      | HP: 33/78 [poisoned by a killer bee]
  8661 | D:8      | HP: 33/78 [poisoned by a killer bee]
  8662 | D:8      | XOM is BORED!
  8668 | D:8      | HP: 33/78 [poisoned by a killer bee]
  8670 | D:8      | Reached skill level 5 in Axes
  8730 | D:8      | Noticed a two-headed ogre
  8941 | D:8      | Noticed diana's ghost (novice MiFi)
  9132 | D:8      | Found Duisu's Distillery.
  9138 | D:8      | Bought 2 potions of heal wounds for 160 gold pieces
  9138 | D:8      | Bought a potion of curing for 48 gold pieces
  9138 | D:8      | Bought a potion of heal wounds for 80 gold pieces
  9138 | D:8      | Bought a potion of might for 64 gold pieces
  9155 | D:8      | XOM: 1-stop teleportation journey
  9244 | D:8      | XOM: scenery: create altars
  9258 | D:8      | Killed a two-headed ogre
  9258 | D:8      | Reached skill level 5 in Fighting
  9270 | D:8      | HP: 36/79 [phantom (8)]
  9548 | D:8      | XOM: give mutations
  9548 | D:8      | Lost mutation: You are frail. (-10% HP) [Xom's mischief]
  9548 | D:8      | Gained mutation: You are partially covered in large bone plates. (SH +4) [Xom's mischief]
  9548 | D:8      | Lost mutation: You are very dopey. (Int -4) [Xom's mischief]
  9648 | D:8      | Killed diana's ghost
  9796 | D:8      | XOM: divination: detect creatures
  9800 | D:8      | XOM: god gift: runed robe {god gift}
 10315 | D:9      | Reached XP level 11. HP: 73/96 MP: 11/20
 10319 | D:9      | HP: 43/96 [hell hound/blast of flame (10)]
 10391 | D:9      | XOM: god gift: wand of clouds (8)
 10528 | D:9      | Found a staircase to the Lair.
 10687 | D:9      | Noticed Erica
 10703 | D:9      | Killed Erica
 10736 | D:9      | Found Voliy's Food Boutique.
 10857 | D:9      | Noticed a white ugly thing
 11153 | Lair:1   | Entered Level 1 of the Lair of Beasts
 11267 | Lair:1   | Identified the Incunabulum of Darkness
 11279 | Lair:1   | XOM: summons friendly crimson imp
 11297 | Lair:1   | HP: 43/97 [yak (11)]
 11515 | Lair:1   | Noticed an oklob plant
 11812 | Lair:1   | You fall through a shaft!
 11812 | Lair:2   | Found a hazy altar of Hepliaklqana.
 11816 | Lair:2   | XOM: cast spell 'Disjunction'
 11820 | Lair:2   | XOM: summons friendly shadow imp
 11904 | Lair:2   | Noticed a four-headed hydra
 11921 | Lair:2   | Killed a four-headed hydra
 12074 | Lair:2   | XOM: 3-stop teleportation journey
 12134 | Lair:2   | Reached skill level 1 in Evocations
 12138 | Lair:2   | XOM: polymorph elephant -> tarantella
 12145 | Lair:2   | HP: 39/97 [elephant (15)]
 12400 | Lair:2   | XOM: scenery: create altars
 12447 | Lair:1   | XOM: swap monsters
 12582 | Lair:1   | Noticed zuik's ghost (journeyman DrGl)
 12589 | Lair:1   | XOM: fog
 12708 | D:9      | XOM: scenery: create altars
 12769 | D:10     | Entered Level 10 of the Dungeon
 12771 | D:10     | XOM: polymorph black bear -> soldier ant
 12776 | D:10     | XOM: cast spell 'Monstrous Menagerie'
 12911 | D:10     | Noticed an unseen horror
 12929 | D:10     | Killed an unseen horror
 12929 | D:10     | Reached skill level 5 in Necromancy
 13088 | D:10     | XOM: cleaving
 13365 | D:10     | XOM: summons 5 friendly demons
 13378 | D:10     | Noticed an unseen horror
 13388 | D:10     | Killed an unseen horror
 13388 | D:10     | Reached skill level 5 in Earth Magic
 13388 | D:10     | Reached XP level 12. HP: 67/106 MP: 17/22
 13393 | D:10     | HP: 52/106 [spriggan skeleton (9)]
 13798 | D:11     | Got a blackened leather armour
 13872 | D:11     | XOM: cloud trail
 13932 | D:11     | XOM: confuse monster(s)
 13944 | D:11     | XOM: enchant monster (good)
 13979 | D:11     | Noticed a two-headed ogre
 13990 | D:11     | Killed a two-headed ogre
 14098 | D:11     | XOM: give mutations
 14098 | D:11     | Gained mutation: Your spells are a little harder to cast, but a little more powerful. [Xom's grace]
 14098 | D:11     | Gained mutation: Your muscles are very strong. (Str +4) [Xom's grace]
 14130 | D:11     | XOM: give mutations
 14130 | D:11     | Lost mutation: Your muscles are very strong. (Str +4) [Xom's mischief]
 14130 | D:11     | Lost mutation: Your muscles are strong. (Str +2) [Xom's mischief]
 14137 | D:11     | Noticed Psyche
 14146 | D:11     | Killed Psyche
 14183 | D:11     | Found a frozen archway.
 14192 | D:11     | XOM: enchant monster (bad)
 14224 | D:11     | XOM: confuse monster(s)
 14254 | D:11     | HP: 50/109 [orc warrior/battleaxe (12)]
 14306 | IceCv    | Entered an ice cave
 14328 | IceCv    | HP: 50/109 [polar bear (10)]
 14331 | IceCv    | HP: 24/109 [yak (5)]
 14352 | IceCv    | HP: 34/109 [polar bear (6)]
 14615 | IceCv    | XOM: summons 6 friendly demons
 14630 | IceCv    | Noticed a frost giant
 14631 | IceCv    | XOM: polymorph quasit -> crimson imp
 14653 | IceCv    | XOM: butterfly on damage
 14653 | IceCv    | HP: 50/109 [frost giant/battleaxe of freezing (7)]
 14657 | IceCv    | HP: 18/109 [frost giant/bolt of cold (13)]
 14658 | IceCv    | Demolished by a frost giant

Skill      XL: |  1  2  3  4  5  6  7  8  9 10 11 12 |
---------------+-------------------------------------+-----
Conjurations   | 2 3 4 5 |  5.0
Poison Magic   | 5 6 7 9 10 | 10.0
Polearms       | 1 3 4 5 |  5.0
Spellcasting   | 3 4 5 6 7 |  7.3
Stealth        | 4 5 6 8 9 |  9.5
Fighting       | 1 2 4 5 6 7 |  7.4
Axes           | 4 6 8 9 |  9.8
Necromancy     | 1 3 5 |  5.8
Earth Magic    | 1 3 5 |  5.5
Evocations     | 2 3 |  3.1
Dodging        | |  1.5

Action                   |  1- 3 |  4- 6 |  7- 9 | 10-12 || total
-------------------------+-------+-------+-------+-------++-------
Melee: Whip              |    13 |       |       |       ||    13
       Short sword       |    19 |    34 |       |       ||    53
       Trident           |       |    55 |   263 |   113 ||   431
       Hand axe          |       |       |       |   290 ||   290
       Tailslap          |       |       |       |    56 ||    56
       Broad axe         |       |       |       |   128 ||   128
 Cast: Sting             |    16 |     5 |       |       ||    21
       Poisonous Vapours |    12 |    28 |    23 |     5 ||    68
       Mephitic Cloud    |       |     1 |     2 |     8 ||    11
       Olgreb's Toxic Ra |       |       |    10 |    28 ||    38
       Regeneration      |       |       |       |    16 ||    16
 Abil: Spit Poison       |    23 |    23 |    24 |    30 ||   100
Evoke: Wand              |       |       |       |     3 ||     3
  Use: Scroll            |       |    12 |     5 |     9 ||    26
 Stab: Distracted        |     1 |       |       |     4 ||     5
       Sleeping          |     1 |     3 |     3 |     9 ||    16
       Confused          |       |       |       |     4 ||     4
       Petrified         |       |       |       |     2 ||     2
       Petrifying        |       |       |       |     1 ||     1
  Eat: Chunk             |     3 |    10 |    15 |    22 ||    50
Armor: Robe              |     8 |    25 |       |    97 ||   130
       Ring mail         |       |    20 |   147 |   143 ||   310
Dodge: Dodged            |    27 |    70 |   109 |   259 ||   465
Block: Other             |       |       |       |    72 ||    72

Vault maps used:
D:1:      dpeg_arrival_windows_large_door, palyth_stone_intersect,
          minmay_tree_intersection
D:2:      lemuel_crystal_altar, uniq_terence
D:3:      first_ration
D:4:      minmay_temple_entry_hall
D:5:      uniq_duvessa, uniq_sigmund, uniq_grinder
D:7:      grunt_livestock
D:8:      serial_shops, shop, hangedman_decor_peaks_small,
          kennysheep_generic_room_16
D:9:      minmay_lair_entry_lava, serial_shops, shop_statue, uniq_erica
D:10:     hangedman_tell_no_tales
D:11:     portal_ice_cave_entry_ice_beasts, kennysheep_nub, guppyfry_shop_venom,
          uniq_psyche
Temple:   dpeg_three_leaves_temple
Lair:1:   minmay_lair_oklob_chamber
Lair:2:   minmay_swamp_entry_wisps, basic_altar
IceCv:    ice_cave_small_giant
